 Dungeon Crawl Stone Soup version 0.28-a0-730-g892d06dc2c (webtiles) character file.

Game seed: 10715100445219679556

143 bande the Covered (level 5, -2/33 HPs)
             Began as a Gargoyle Fighter on Oct 29, 2021.
             Killed from afar by an orc wizard (8 damage)
             ... with a puff of flame
             ... on level 4 of the Dungeon.
             The game lasted 00:03:40 (3384 turns).

bande the Covered (Gargoyle Fighter)                Turns: 3384, Time: 00:03:41

Health: -2/33      AC: 15    Str: 21    XL:     5   Next: 25%
Magic:  5/5        EV:  7    Int:  8    God:
Gold:   163        SH:  4    Dex:  9    Spells: 4/4 levels left

rFire   . . .      SeeInvis .   a - +0 war axe
rCold   . . .      Faith    .   c - +0 buckler
rNeg    + . .      Spirit   .   f - +0 chain mail
rPois   ∞          Reflect  .   (no helmet)
rElec   +          Harm     .   g - +1 cloak
rCorr   .          Rampage  .   (no gloves)
Will    .....                   (no boots)
Stlth   ..........              (no amulet)
HPRegen 0.11/turn               (no ring)
MPRegen 0.09/turn               (no ring)

@: mighty
A: sickness immunity, AC +4, negative energy resistance 1, electricity
resistance, torment resistance 1, petrification resistance
a: no special abilities


You were on level 4 of the Dungeon.
You visited 1 branch of the dungeon, and saw 4 of its levels.

You collected 163 gold pieces.

Inventory:

Hand Weapons
 a - a +0 war axe (weapon)
 e - a +0 flail
Armour
 c - a +0 buckler (worn)
 f - a +0 chain mail (worn)
 g - a +1 cloak (worn)
Jewellery
 m - an amulet of regeneration
Scrolls
 b - a scroll of teleportation
 k - a scroll of identify
Potions
 h - a potion of curing
 i - a potion of invisibility
 l - a potion of attraction {unknown}


   Skills:
 + Level 4.0 Fighting
 + Level 3.5 Axes
 + Level 4.1 Armour
 + Level 3.8 Shields


You had 4 spell levels left.
You didn't know any spells.
Your spell library contained the following spells:

 Spells                   Type           Power      Damage    Failure   Level
 Wereblood                Tmut           0%         N/A       99%         2
 Summon Hydra             Summ           0%         N/A       100%        7
 Sublimation of Blood     Necr           Unusable   N/A       N/A         2

Dungeon Overview and Level Annotations

Branches:
Dungeon (4/15)
 Temple: D:4-7

Altars:


Innate Abilities, Weirdness & Mutations

You are immune to sickness and miasma.
Your stone body is resilient. (AC +4)
You are immune to poison.
You resist negative energy. (rN+)
You are resistant to electric shocks. (rElec)
You are resistant to unholy torment.
You are immune to petrification.


Message History

Something hits you but does no damage. The orc priest barely misses you.
Unknown command.
You feel better.
The orc wizard hits you but does no damage.
The orc hits you but does no damage. Something hits you but does no damage.
The orc priest calls down the wrath of Beogh upon you.
You barely resist.
You feel better.
The orc wizard hits you but does no damage.
You block the orc's attack. Something hits you but does no damage.
The orc priest hits you but does no damage.
You feel very mighty all of a sudden.
The orc wizard hits you but does no damage.
The orc closely misses you. Something hits you but does no damage.
The orc priest calls down the wrath of Beogh upon you.
Beogh smites you!
Ouch! That really hurt!
* * * LOW HITPOINT WARNING * * *
You slash the orc priest!
The orc priest is heavily wounded.
You closely miss something. You barely miss the orc.
You closely miss the orc wizard.
The orc wizard hits you but does no damage.
You block the orc's attack. Something hits you but does no damage.
The orc priest hits you but does no damage.
The orc wizard completely misses you.
You slash the orc priest!
You kill the orc priest!
You miss something. You slash the orc!
You kill the orc!
You hit the orc wizard. Something hits you but does no damage.
You block the orc wizard's attack. Something completely misses you.
Your Fighting skill increases to level 4!
You have reached level 5!
You miss something. You slash the orc wizard!
You kill the orc wizard!
You hear some strange, mumbled words.
A puff of flame appears from out of thin air!
The puff of flame hits you!
You die...

..##...#......≈≈≈≈≈
>.....###.......#
.....## ##.....##
....## ##.....##
...## ##.....# ..##
##....## .##
##....## ##
########
#.).).###..
####......##
##)@{......
#..........#
##).......
...........#
#........
...........#
#...#####
...........# ...##
..........## ..##
........### ..#
##.....## ..##
####.###


There were no monsters in sight!

Vanquished Creatures
  An orc priest (D:4)
  An orc wizard (D:4)
  2 adders
  2 worms
  2 dart slugs
  8 orcs
  7 bats
  9 endoplasms
  5 giant cockroaches
  4 goblins
  12 hobgoblins
  6 kobolds
  3 quokkas
  2 ball pythons (D:2)
  3 frilled lizards
  6 rats
73 creatures vanquished.

Notes
Turn   | Place    | Note
-------+----------+-------------------------------------------
     0 | D:1      | bande the Gargoyle Fighter began the quest for the Orb.
     0 | D:1      | Reached XP level 1. HP: 14/14 MP: 1/1
     6 | D:1      | Noticed an anaconda
     6 | D:1      | Noticed a lindwurm
     6 | D:1      | Noticed a scorpion
     7 | D:1      | Noticed a hound
     7 | D:1      | Noticed a polar bear
   238 | D:1      | Reached XP level 2. HP: 19/19 MP: 2/2
   674 | D:1      | Reached XP level 3. HP: 20/24 MP: 3/3
   817 | D:1      | Found a faded altar of an unknown god.
  1705 | D:2      | Reached XP level 4. HP: 24/29 MP: 4/4
  3384 | D:4      | Reached XP level 5. HP: 6/33 MP: 5/5
  3384 | D:4      | Killed from afar by an orc wizard

Illustrated notes

Levels and vault maps discovered:
D:1:      onia_arrival_zoo_common, layout_loops_ring,
          dilly_ecumenical_altar_fadedgnrine, minmay_liquid_box,
          minmay_box_of_dots
D:2:      layout_basic, kennysheep_potato
D:3:      layout_basic, cheibrodos_sewer_entry_bend
D:4:      layout_cave_pods, minmay_crystal_water

Skill      XL: |  1  2  3  4 |
---------------+-------------+-----
Axes           | 2 3 |  3.5
Armour         | 4 |  4.1
Fighting       | 4 |  4.0
Shields        | |  3.8

Action                   |  1- 3 |  4- 6 || total
-------------------------+-------+-------++-------
Melee: War axe           |   116 |   114 ||   230
  Use: Scroll            |       |     6 ||     6
       Potion            |       |     3 ||     3
Armor: Scale mail        |     5 |       ||     5
       Chain mail        |    70 |    89 ||   159
Dodge: Dodged            |    52 |    57 ||   109
Block: Buckler           |    28 |    18 ||    46

Table legend: (Time is in decaauts)
 A = Elapsed time spent in this place.
 B = Non-inter-level travel time spent in this place.
 C = Inter-level travel time spent in this place.
 D = Time resting spent in this place.
 E = Time spent auto-exploring this place.
 F = Levels seen in this place.
 G = Mean time per level.
                   A        B        C        D        E       F      G
               +--------+--------+--------+--------+--------+-----+--------+
         Total |   3480 |   3382 |     98 |    114 |   2660 |   4 |  870.0 |
       Dungeon |   3480 |   3382 |     98 |    114 |   2660 |   4 |  870.0 |
               +--------+--------+--------+--------+--------+-----+--------+

Top non-repeatable levels by time:
     D:1: 1374 daAuts
     D:3: 1087 daAuts
     D:2: 908 daAuts
     D:4: 110 daAuts
